 Dungeon Crawl Stone Soup version 0.29.1-2-gbd0b4ee654 (webtiles) character file.

Game seed: 6914247131772043049

38744 kingsuperguy the Severer (level 13, -5/178 HPs)
             Began as a Minotaur Berserker on Nov 17, 2022.
             Was an Elder of Trog.
             Slain by a cane toad (16 damage)
             ... on level 5 of the Lair of Beasts.
             The game lasted 00:59:24 (22193 turns).

kingsuperguy the Severer (Minotaur Berserker)      Turns: 22193, Time: 00:59:25

Health: -5/178     AC: 26    Str: 28    XL:     13   Next: 65%
Magic:  0/12       EV:  2    Int:  4    God:    Trog [****..]
Gold:   1226       SH: 10    Dex:  9    Spells: 12/12 levels left

rFire   . . .      SeeInvis .   j - +0 war axe
rCold   . . .      Faith    .   d - +0 kite shield
rNeg    . . .      Spirit   +   (body armour currently unavailable)
rPois   +          Reflect  .   (helmet currently unavailable)
rElec   .          Harm     .   (cloak currently unavailable)
rCorr   .          Rampage  .   (gloves currently unavailable)
Will    .....      NoTele   +   (boots currently unavailable)
Stlth   ++........              P - amulet of guardian spirit
HPRegen 0.39/turn               M - ring of poison resistance
MPRegen 0.13/turn               G - +4 ring of slaying

@: tree-form, on berserk cooldown
A: stationary, stasis, torment immunity, boosted hp, (horns 2), (retaliatory
headbutt)
a: Renounce Religion, Berserk, Trog's Hand, Brothers in Arms


You were on level 5 of the Lair of Beasts.
You worshipped Trog.
Trog was greatly pleased with you.
You were a tree.
You visited 3 branches of the dungeon, and saw 16 of its levels.

You collected 1226 gold pieces.

Inventory:

Hand Weapons
 b - a +1 trident
 f - a +0 longbow
 j - a +0 war axe (weapon)
 x - a +2 hand axe
 F - a +2 halberd of venom
 I - a +2 whip of flaming
 R - a +3 battleaxe
 S - a +3 flail of freezing
 T - a +1 scimitar of flaming
 U - a +2 dire flail
Missiles
 p - 28 poisoned darts (quivered)
 q - a throwing net
 v - 6 atropa-tipped darts
 J - 8 curare-tipped darts
Armour
 d - a +0 kite shield (worn)
 i - a +4 scale mail (melded)
 A - a +1 pair of boots (melded)
 D - the +1 leather armour of Nahepuacwodgh {Harm +Inv Str+9 SInv}
   (You found it on level 4 of the Dungeon)

   Str:       It affects your strength (+9).
   SInv:      It lets you see invisible.
   +Inv:      It lets you turn invisible.
   Harm:      It increases damage dealt and taken.
 N - a +0 pair of gloves (melded)
Jewellery
 C - a +6 ring of intelligence
 G - a +4 ring of slaying (right branch)
 K - a ring of positive energy
 M - a ring of poison resistance (left branch)
 P - an amulet of guardian spirit (around neck)
Wands
 a - a wand of mindburst (8)
 e - a wand of polymorph (8)
 u - a wand of paralysis (18)
 y - a wand of flame (28)
 B - a wand of roots (15)
 X - a wand of light (2)
 Z - a wand of digging (4)
Scrolls
 h - 4 scrolls of teleportation
 l - a scroll of enchant armour
 o - 2 scrolls of amnesia {unknown}
 z - a scroll of brand weapon
 E - 5 scrolls of poison
 L - a scroll of fog
 Q - a scroll of enchant weapon {unknown}
 V - a scroll of silence {unknown}
 W - a scroll of magic mapping {unknown}
Potions
 g - 2 potions of curing
 k - a potion of degeneration {unknown}
 s - a potion of might {unknown}
 t - 4 potions of flight
 w - 2 potions of haste {unknown}
 H - a potion of magic {unknown}
 O - 2 potions of ambrosia
 Y - 2 potions of brilliance {unknown}
Miscellaneous
 c - a tin of tremorstones (2/2)


   Skills:
 + Level 12.8 Fighting
 + Level 17.1(17.2) Axes
 + Level 3.4(11.7) Maces & Flails
 + Level 2.7 Throwing
 + Level 14.5 Armour
 + Level 4.3 Dodging
 + Level 2.3 Stealth
 + Level 10.5 Shields
 + Level 1.5 Evocations


You had 12 spell levels left.
You didn't know any spells.
Your spell library was empty.

Dungeon Overview and Level Annotations

Branches:
Dungeon (10/15)            Temple (0/1) D:4            Lair (5/5) D:8
  Swamp (0/4) Lair:3       Spider (1/4) Lair:3        Slime (0/5) Lair:4
    Orc: D:9-12

Altars:
Ashenzari
Cheibriados
Dithmenos
Fedhas
Nemelex Xobeh
Qazlal
Vehumet
Wu Jian
Xom
Zin
Jiyva

Shops:
D:5 *!   D:6 ?*=   D:10 :

Annotations:
Lair:4 4 runed translucent doors, Juirae's ghost, journeyman TrMo; Veeshiej's ghost, journeyman MiFi
Spider:1 Mlioglotl


Innate Abilities, Weirdness & Mutations

You are a tree.
Your roots penetrate the ground, keeping you stationary.
You cannot be teleported.
You are immune to unholy pain and torment.
Your maximum health is greatly increased.
Your equipment is partially melded.
((You have a pair of horns on your head.))
((You reflexively headbutt those who attack you in melee.))


Message History

You block the vampire mosquito's attack. x2
The cane toad stings you but does no damage.
You hit the vampire mosquito but do no damage.
You headbutt the vampire mosquito!
The vampire mosquito is almost destroyed.
You slash the plant! You slash the cane toad! You hit the cane toad.
The vampire mosquito barely misses you. The cane toad stings you.
* * * LOW HITPOINT WARNING * * *
The cane toad stings you but does no damage.
You feel better. The vampire mosquito bites you.
* * * LOW HITPOINT WARNING * * *
The vampire mosquito draws strength from your injuries!
You block the cane toad's attack.
The vampire mosquito bites you but does no damage.
The cane toad completely misses you.
Really quaff the potion of lignification?
Uppercase [Y]es or [N]o only, please.
Really quaff the potion of lignification?
You turn into a tree.
Your +0 pair of gloves melds into your body.
Your +1 pair of boots melds into your body.
Your +4 scale mail melds into your body.
Your roots penetrate the ground.
The vampire mosquito bites you but does no damage.
You block the cane toad's attack.
You block the vampire mosquito's attack.
The cane toad stings you but does no damage.
You closely miss the vampire mosquito.
The vampire mosquito is severely damaged.
You hit the cane toad. You hit the plant but do no damage.
You hit the cane toad but do no damage.
A nearby plant withers and dies.
The vampire mosquito bites you!
* * * LOW HITPOINT WARNING * * *
The vampire mosquito draws strength from your injuries!
The cane toad stings you!
* * * LOW HITPOINT WARNING * * *
You block the cane toad's attack.
The vampire mosquito bites you but does no damage.
You feel better. The cane toad stings you!
You die...

#.............. ~~~...
..####P............
~~.~..#...P##.............
#~P..#.....##.P...........
#~y~~##....####...........
##~~P~.#....###...........
(~~..........###........
(~(.†..........F........
~~~(.(.F......†y♣F......
≈~.††...?.....#.........
~~.............##.......
~~~............#........
≈~.~P...........##......
≈~P~#..........## #.....
~P..#...........# .....
~.~##..........## .....
~~. ............


You could see 2 cane toads and a vampire mosquito.

Vanquished Creatures
  3 hydras
  A boulder beetle (Lair:4)
  A catoblepas (D:8)
  2 two-headed ogres
  7 death yaks
  A goliath frog (Lair:5)
  Pikel (D:5)
  2 bog bodies (Lair:3)
  Joseph (D:8)
  5 elephants
  A black mamba (Lair:1)
  Maggie (D:7)
  3 rime drakes
  8 komodo dragons
  An unseen horror (D:10)
  12 cane toads
  2 demonic crawlers (Spider:1)
  A troll (D:9)
  A meliai (D:8)
  A hornet (D:8)
  A slime creature (D:8)
  A tarantella (Spider:1)
  A tyrant leech (Lair:5)
  18 blink frogs
  2 wraiths
  A shadow (D:10)
  30 yaks
  4 wyverns
  2 basilisks
  3 vampire mosquitoes (Lair:5)
  4 steam dragons
  3 swamp worms (Lair:3)
  7 water moccasins
  A black bear (D:6)
  2 orc warriors
  3 sky beasts
  4 ice beasts
  4 ogres
  9 wolves (Lair:1)
  2 centaurs (D:6)
  4 phantoms
  A lemure (D:5)
  2 kobold brigands
  15 bullfrogs
  4 scorpions
  2 necrophages
  14 wights
  12 killer bees
  2 electric eels
  5 howler monkeys
  3 jellies
  4 hounds
  A gnoll bouda (D:6)
  4 orc priests
  9 iguanas
  Natasha (thrice) (D:3)
  Ijyb (D:3)
  10 orc wizards
  Robin (D:3)
  14 adders
  A gnoll (D:6)
  2 shadow imps
  2 ufetubi
  2 worms
  2 dart slugs (D:5)
  39 orcs
  4 bats
  8 endoplasms
  7 giant cockroaches
  9 hobgoblins
  5 jackals (D:3)
  2 quokkas
  6 ball pythons
  25 goblins
  17 kobolds
  6 rats
405 creatures vanquished.

Vanquished Creatures (collateral kills)
  A steelbarb worm (Spider:1)
1 creature vanquished.

Vanquished Creatures (others)
  19 fungi
  82 plants
101 creatures vanquished.

Grand Total: 507 creatures vanquished

Notes
Turn   | Place    | Note
-------+----------+-------------------------------------------
     0 | D:1      | kingsuperguy the Minotaur Berserker began the quest for the
                  | Orb.
     0 | D:1      | Reached XP level 1. HP: 19/19 MP: 0/0
   319 | D:1      | Reached skill level 4 in Axes
   543 | D:1      | Reached XP level 2. HP: 27/27 MP: 1/1
  1028 | D:1      | Found a faded altar of an unknown god.
  1073 | D:2      | Reached XP level 3. HP: 25/33 MP: 2/2
  1273 | D:2      | You fall into a shaft and drop 1 floor!
  1488 | D:2      | Reached ** piety under Trog
  1791 | D:3      | Found a radiant altar of Vehumet.
  1847 | D:3      | Reached XP level 4. HP: 36/40 MP: 3/3
  1849 | D:3      | Noticed Robin
  1856 | D:3      | Reached skill level 1 in Shields
  1866 | D:3      | Killed Robin
  2003 | D:3      | Found a snail-covered altar of Cheibriados.
  2205 | D:3      | Noticed Natasha
  2209 | D:3      | Reached skill level 5 in Axes
  2217 | D:3      | Killed Natasha
  2558 | D:3      | Found a blossoming altar of Fedhas.
  2561 | D:3      | Found a stormy altar of Qazlal.
  2569 | D:3      | Reached XP level 5. HP: 47/47 MP: 4/4
  2572 | D:3      | Found an ornate altar of the Wu Jian Council.
  2594 | D:3      | Found a shadowy altar of Dithmenos.
  2715 | D:3      | Noticed Ijyb
  2736 | D:3      | Killed Ijyb
  2996 | D:3      | Noticed Natasha
  3030 | D:3      | Killed Natasha
  3040 | D:3      | Noticed Natasha
  3052 | D:3      | Killed Natasha
  3053 | D:3      | Reached skill level 6 in Axes
  3438 | D:4      | Reached XP level 6. HP: 50/53 MP: 5/5
  3560 | D:4      | Found a staircase to the Ecumenical Temple.
  3665 | D:4      | Reached skill level 5 in Armour
  3707 | D:4      | Reached *** piety under Trog
  3708 | D:4      | Reached skill level 7 in Axes
  3806 | D:4      | Reached XP level 7. HP: 56/60 MP: 6/6
  3930 | D:4      | Identified the +1 leather armour of Nahepuacwodgh {Harm
                  | +Inv Str+9 SInv}
  4521 | D:4      | Reached skill level 5 in Fighting
  4984 | D:5      | Entered Level 5 of the Dungeon
  5129 | D:5      | Found a broken altar of Ashenzari.
  5264 | D:5      | Reached skill level 8 in Axes
  5274 | D:5      | Reached skill level 1 in Stealth
  5741 | D:5      | Noticed Pikel
  5754 | D:5      | Killed Pikel
  5755 | D:5      | Reached skill level 9 in Axes
  5755 | D:5      | Reached XP level 8. HP: 70/70 MP: 7/7
  5827 | D:5      | Found Zin's Purification Station.
  5830 | D:5      | Found a glowing silver altar of Zin.
  6053 | D:5      | Reached skill level 10 in Axes
  6085 | D:5      | Reached **** piety under Trog
  6540 | D:5      | Reached XP level 9. HP: 68/78 MP: 8/8
  6824 | D:5      | Found Opsurph's Distillery.
  6883 | D:6      | Found Vejetarch's One-of-a-Kind Rings.
  7120 | D:6      | Found Aseiwut's General Store.
  7207 | D:6      | Reached skill level 11 in Axes
  7217 | D:6      | Found a shimmering altar of Xom.
  7311 | D:6      | Found a sparkling altar of Nemelex Xobeh.
  7681 | D:6      | Reached skill level 5 in Shields
  7696 | D:6      | Noticed a six-headed hydra
  8295 | D:6      | Killed a seven-headed hydra
  8296 | D:6      | Reached skill level 12 in Axes
  8521 | D:6      | Reached XP level 10. HP: 74/86 MP: 9/9
  8850 | D:6      | Found Cuwnes's Magic Scroll Shop.
  9022 | D:7      | Noticed Maggie
  9030 | D:7      | Killed Maggie
  9031 | D:7      | Reached skill level 1 in Maces & Flails
  9699 | D:8      | Reached skill level 13 in Axes
 10165 | D:8      | Noticed Joseph
 10179 | D:8      | Killed Joseph
 10297 | D:8      | Found a staircase to the Lair.
 10395 | D:8      | Noticed a catoblepas
 10416 | D:8      | Reached XP level 11. HP: 11/97 MP: 10/10
 10417 | D:8      | HP: 6/145 [poisoned by a meliai]
 10418 | D:8      | Reached skill level 14 in Axes
 10418 | D:8      | Reached skill level 10 in Armour
 10419 | D:8      | HP: 1/97 [poisoned by a meliai]
 10766 | D:8      | Noticed a two-headed ogre
 10814 | D:9      | Reached ***** piety under Trog
 12350 | D:10     | Entered Level 10 of the Dungeon
 12428 | D:10     | Noticed a two-headed ogre
 12435 | D:10     | Killed a two-headed ogre
 12520 | D:10     | Found Osuablow's Book Shoppe.
 13563 | D:8      | Killed a two-headed ogre
 14433 | Lair:1   | Entered Level 1 of the Lair of Beasts
 14438 | Lair:1   | Reached skill level 10 in Fighting
 14447 | Lair:1   | Reached skill level 15 in Axes
 14984 | Lair:1   | Noticed an eight-headed hydra
 14996 | Lair:1   | Killed an eight-headed hydra
 15644 | Lair:1   | Reached XP level 12. HP: 93/107 MP: 11/11
 15955 | Lair:2   | Noticed a four-headed hydra
 16908 | Lair:2   | Reached skill level 16 in Axes
 17407 | Lair:2   | Killed a four-headed hydra
 17581 | Lair:3   | Received a gift from Trog
 17991 | Lair:3   | Found a staircase to the Swamp.
 18441 | Lair:3   | Found a hole to the Spider Nest.
 18778 | Lair:3   | Reached skill level 1 in Throwing
 18865 | Lair:4   | Noticed a death yak
 18865 | Lair:4   | Noticed a death yak
 18865 | Lair:4   | Noticed a death yak
 18882 | Lair:3   | Killed a death yak
 18883 | Lair:3   | Killed a death yak
 18894 | Lair:4   | Reached XP level 13. HP: 83/117 MP: 7/12
 18900 | Lair:4   | Reached skill level 1 in Evocations
 19453 | Lair:4   | Found a runed translucent door.
 19453 | Lair:4   | Found a viscous altar of Jiyva.
 19453 | Lair:4   | Noticed an acid blob
 19454 | Lair:4   | Found a staircase to the Slime Pits.
 19454 | Lair:4   | Noticed an acid blob
 19454 | Lair:4   | Noticed an acid blob
 19615 | Lair:4   | Found a runed translucent gate.
 19616 | Lair:4   | Found a runed translucent gate.
 19616 | Lair:4   | Found a runed translucent gate.
 20244 | Lair:4   | Noticed Veeshiej's ghost (journeyman MiFi)
 20244 | Lair:4   | Noticed Juirae's ghost (journeyman TrMo)
 21025 | Spider:1 | Entered Level 1 of the Spider Nest
 21030 | Spider:1 | Reached skill level 10 in Shields
 21196 | Spider:1 | Noticed Mlioglotl
 21230 | Spider:1 | HP: 2/119 [Mlioglotl (19)]
 21837 | Lair:5   | Entered Level 5 of the Lair of Beasts
 22160 | Lair:5   | Reached skill level 17 in Axes
 22192 | Lair:5   | HP: 3/178 [cane toad (13)]
 22193 | Lair:5   | Slain by a cane toad

Illustrated notes

Levels and vault maps discovered:
D:1:      ebering_trefoil_3fold, layout_loops_corners,
          dilly_ecumenical_altar_fadedgnrine
D:2:      layout_rooms, kennysheep_minor_cross, minmay_crystal_room,
          hangedman_decor_riveting
D:3:      kennysheep_goblin_castle, layout_basic, nicolae_vehumet_radiance,
          grunt_temple_overflow_cloverleaf, mainiacjoe_overflow_alcove_1,
          uniq_robin, uniq_natasha
D:4:      layout_basic, minmay_temple_entry_statues, kennysheep_diamond,
          saegor_snake_ambush
D:5:      minmay_razor_zed, layout_basic, zin_purify, overflow_temple_1_default,
          serial_shops, kennysheep_mini_moat, uniq_pikel
D:6:      kennysheep_windowed_halls, layout_basic, nemelex_spade_bored_becter,
          mainiacjoe_overflow_tiny_flanked, serial_shops, shop,
          nicolae_lakefront_shop, corexii_checkpoint_b,
          nicolae_shop_unique_rings, minmay_misc_feat_cross, dk_noncrumbling_4
D:7:      layout_rooms, uniq_maggie
D:8:      layout_cave_pools, david_lair_shrubbed, kb_rosetta, uniq_joseph
D:9:      layout_loops_corners
D:10:     layout_rooms, serial_shops, shop, chequers_serial_rivers_micro_a
Lair:1:   layout_hall_layers
Lair:2:   layout_regular_city
Lair:3:   layout_roguey, nicolae_swamp_entry_splash_gauntlet, dummy_spider_entry
Lair:4:   layout_regular_city, slime_entry_2, gammafunk_ghost_cemetery,
          beast_lair_carwin_2, grunt_megastairs_3, serial_bayou_shore_b
Lair:5:   minmay_lair_end_frog_pond, layout_cave_pods, uniq_kirke, uniq_rupert
Spider:1: layout_spider_delve, nicolae_spider_webs_and_nodes, uniq_agnes,
          uniq_mlioglotl

Skill      XL: |  1  2  3  4  5  6  7  8  9 10 11 12 13 |
---------------+----------------------------------------+-----
Axes           | 4 5 6 7 9 10 12 13 15 16 17 | 17.1
Fighting       | 4 5 6 7 9 10 11 12 | 12.8
Armour         | 3 4 5 6 7 8 9 12 13 14 | 14.5
Shields        | 1 2 3 4 6 7 8 9 10 | 10.5
Dodging        | 3 4 |  4.3
Stealth        | 1 2 |  2.3
Maces & Flails | 1 3 |  3.4
Throwing       | 1 2 |  2.7
Evocations     | 1 |  1.5

Action                   |  1- 3 |  4- 6 |  7- 9 | 10-12 | 13-15 || total
-------------------------+-------+-------+-------+-------+-------++-------
Melee: Hand axe          |    96 |   134 |    61 |       |       ||   291
       Headbutt          |    11 |    21 |    64 |    92 |    45 ||   233
       War axe           |       |       |   195 |   412 |   156 ||   763
       Whip              |       |       |    12 |    23 |       ||    35
       Battleaxe         |       |       |       |    24 |       ||    24
Throw: Dart              |       |       |       |    15 |    15 ||    30
Invok: Berserk           |       |     2 |     5 |    13 |     3 ||    23
       Trog's Hand       |       |       |       |     1 |       ||     1
       Brothers in Arms  |       |       |       |       |     2 ||     2
Evoke: Wand              |       |       |     3 |     9 |     8 ||    20
  Use: Scroll            |       |       |     7 |    12 |     2 ||    21
       Potion            |       |       |       |     4 |     7 ||    11
Armor: Animal skin       |     3 |       |       |       |       ||     3
       Plate armour      |    47 |    96 |   136 |   273 |    32 ||   584
       Ring mail         |     4 |       |       |       |       ||     4
       Leather armour    |       |       |     2 |       |       ||     2
       Skin              |       |       |       |    31 |     3 ||    34
       Scale mail        |       |       |       |       |    45 ||    45
Dodge: Dodged            |    27 |    30 |    75 |   154 |    63 ||   349
Block: Kite shield       |    22 |    48 |    99 |   208 |    87 ||   464
